 Dungeon Crawl Stone Soup version 0.23.0 (webtiles) character file.

Game seed: 7261544107841646249

3551 doot the Summoner (level 10, -5/56 HPs)
             Began as a Tengu Summoner on Feb 8, 2019.
             Was a Believer of Sif Muna.
             Splashed by a centaur's acid (16 damage)
             ... on level 8 of the Dungeon.
             The game lasted 00:26:05 (9321 turns).

doot the Summoner (Tengu Summoner)                  Turns: 9321, Time: 00:26:06

Health: -5/56      AC:  2    Str:  9    XL:     10   Next: 9%
Magic:  10/21      EV: 13    Int: 18    God:    Sif Muna [**....]
Gold:   698        SH:  0    Dex: 15    Spells: 12/22 levels left

rFire    + . .     SeeInvis .   p - +0 battleaxe
rCold    . . .     Gourm    .   (shield currently unavailable)
rNeg     . . .     Faith    .   u - +2 leather armour {rF+}
rPois    +         Spirit   .   (helmet restricted)
rElec    .         Reflect  .   d - +1 cloak
rCorr    .         Harm     +   (no gloves)
MR       .....                  (boots unavailable)
Stlth    ++........             z - amulet of harm
HPRegen  0.18/turn              F - ring of poison resistance
MPRegen  0.17/turn              B - +3 ring of protection

@: corroded
A: beak, talons 3, able to fly
a: Fly, Divine Energy, Renounce Religion


You were on level 8 of the Dungeon.
You worshipped Sif Muna.
Sif Muna was pleased with you.
You were very hungry.

You visited 2 branches of the dungeon, and saw 9 of its levels.

You collected 698 gold pieces.

Inventory:

Hand Weapons
 g - a +0 short sword
 j - a +1 war axe
 p - a +0 battleaxe (weapon)
 y - a +2 dagger of venom
Armour
 a - a +0 robe
 d - a +1 cloak (worn)
 r - a scarf of repulsion
 u - a +2 leather armour of fire resistance (worn)
Jewellery
 s - an uncursed ring of protection from fire
 z - an amulet of harm (around neck)
 B - a +3 ring of protection (right hand)
 C - an uncursed ring of protection from magic
 E - a +3 ring of dexterity
 F - a ring of poison resistance (left hand)
Wands
 e - a wand of disintegration (11)
 l - a wand of flame (3)
 A - a wand of paralysis (8)
Scrolls
 b - 3 scrolls of magic mapping
 h - 9 scrolls of identify
 i - 5 scrolls of blinking {unknown}
 k - 3 scrolls of enchant weapon
 n - 2 scrolls of fog {unknown}
 q - 3 scrolls of enchant armour {unknown}
 v - 2 scrolls of remove curse {unknown}
 w - a scroll of amnesia
Potions
 f - 3 potions of curing
 m - 2 potions of mutation {unknown}
 o - 2 potions of heal wounds
 t - 3 potions of haste
 x - a potion of might {unknown}
 D - a potion of lignification {unknown}
 G - 2 potions of degeneration {unknown}
 H - a potion of flight {unknown}
Comestibles
 c - 16 rations


   Skills:
 + Level 3.3 Fighting
 + Level 6.2 Axes
 + Level 2.9 Armour
 + Level 4.1 Dodging
 + Level 3.6 Stealth
 + Level 6.9 Spellcasting
 + Level 10.4 Summonings
 + Level 4.1 Air Magic


You had 12 spell levels left.
You knew the following spells:

 Your Spells              Type           Power        Failure   Level  Hunger
a - Summon Small Mammal   Summ           ####         1%          1    None
b - Call Imp              Summ           #####...     1%          2    None
c - Call Canine Familiar  Summ           #####...     1%          3    ##.....
d - Summon Lightning Spi  Summ/Air       ####....     8%          4    ####...

Your spell library contained the following spells:

 Spells                   Type           Power        Failure   Level  Hunger
 Summon Guardian Golem    Hex/Summ       ###.....     5%          3    ##.....
 Poisonous Vapours        Pois/Air       ##....       10%         2    None
 Animate Skeleton         Necr           N/A          16%         1    None
 Apportation              Tloc           #.....       16%         1    None
 Confusing Touch          Hex            #.....       16%         1    None
 Freeze                   Ice            #...         16%         1    None
 Sandblast                Erth           #.....       16%         1    None
 Sting                    Conj/Pois      #...         16%         1    None
 Summon Ice Beast         Ice/Summ       ###.....     17%         4    ####...
 Passwall                 Tmut/Erth      #.......     22%         2    None
 Throw Frost              Conj/Ice       #.....       22%         2    None
 Mephitic Cloud           Conj/Pois/Air  ##......     26%         3    ##.....
 Ozocubu's Armour         Chrm/Ice       #.......     41%         3    ##.....
 Stone Arrow              Conj/Erth      #.....       41%         3    ##.....
 Olgreb's Toxic Radiance  Pois           #.......     83%         4    ####...
 Petrify                  Tmut/Erth      #.......     83%         4    ####...
 Throw Icicle             Conj/Ice       #.......     83%         4    ####...
 Lee's Rapid Deconstruct  Erth           #.........   99%         5    #####..
 Venom Bolt               Conj/Pois      #.........   99%         5    #####..


Dungeon Overview and Level Annotations

Branches:
Dungeon (8/15)             Temple (1/1) D:4
   Lair: D:8-11

Altars:
Ashenzari
Cheibriados
Dithmenos
Elyvilon
Fedhas
Gozag
Hepliaklqana
Kikubaaqudgha
Makhleb
Nemelex Xobeh
Okawaru
Qazlal
Ru
Sif Muna
Trog
Uskayaw
Vehumet
Wu Jian
Xom
Yredelemnul
Zin
The Shining One

Annotations:
D:4 3 runed translucent doors, bosm's ghost, novice KoHu
D:8 3 runed translucent doors, lapinsky's ghost, novice HOHu


Innate Abilities, Weirdness & Mutations

You have a beak for a mouth.
You have claws for feet.
You can fly continuously.


Message History

You see here an arrow.
The centaur shoots an arrow.
The arrow completely misses you.
The arrow hits your shadow imp but does no damage.
Your hound barely misses the sky beast.
You hear a shout!
The centaur zaps a wand.
The bolt of acid misses you.
The bolt of acid hits the sky beast!
The sky beast is splashed with acid.
The sky beast dies!
The centaur shoots an arrow.
The arrow barely misses you. The arrow hits your white imp.
Your white imp gestures at the centaur.
The puff of frost hits the centaur!
The centaur zaps a wand.
The bolt of acid hits you!
* * * LOW HITPOINT WARNING * * *
The acid corrodes you!
You are splashed with acid!
* * * LOW HITPOINT WARNING * * *
You feel much better.
The centaur zaps a wand.
The bolt of acid hits you!
* * * LOW HITPOINT WARNING * * *
The acid corrodes you!
You are splashed with acid!
You die...

.. $8 ...............#
$W ...................#
$8 .........(........#
..#...................#
#.#..................#
# #...............c..
#...............#
#..........5h.@#
#.........((5..#
##........((...##
#...[.[...)...##
#...##....)..## ..
#...###...#### #..
#...# ##(.## #...
#...## #(..# #....
##....# ##..##.....


You could see a centaur, a friendly hound, a friendly white imp and a friendly
shadow imp.

Vanquished Creatures
  An unseen horror (D:7)
  A hungry ghost (D:7)
  A water moccasin (D:6)
  3 ogres
  3 centaurs
  A scorpion (D:7)
  A wight (D:6)
  A howler monkey (D:4)
  2 orc wizards
  A worker ant (D:7)
  A hound zombie (D:6)
  2 hound skeletons
  2 gnolls (D:7)
  A howler monkey skeleton (D:8)
  2 adders
  2 oozes
  2 adder skeletons
  A dart slug (D:2)
  A leopard gecko (D:7)
  9 orcs
  3 bats
  2 giant cockroaches
  3 goblins
  7 hobgoblins
  10 jackals
  3 kobolds (D:1)
  A quokka (D:5)
  2 ball pythons
  A frilled lizard (D:1)
  A rat (D:2)
  A fungus (D:2)
72 creatures vanquished.

Vanquished Creatures (collateral kills)
  2 two-headed ogres
  Maurice (D:8)
  Sigmund (D:6)
  Grum (D:8)
  Edmund (D:6)
  3 ice beasts
  2 sky beasts
  An orc warrior (D:8)
  2 necrophages
  3 ogres
  2 wolves (D:8)
  A bullfrog (D:6)
  A killer bee (D:6)
  An electric eel (D:6)
  2 wights (D:6)
  2 howler monkeys
  2 crimson imps (D:6)
  A centaur skeleton (D:4)
  6 jellies
  2 orc priests
  4 hounds
  2 iguanas (D:7)
  3 orc wizards
  2 worker ants (D:5)
  A gnoll (D:7)
  6 adders
  2 adder skeletons
  A dart slug (D:1)
  2 leopard geckos
  13 orcs
  3 giant cockroaches
  3 goblins (D:2)
  8 hobgoblins
  3 jackals
  A kobold (D:2)
  A quokka (D:2)
  A ball python (D:6)
  3 bats
  A frilled lizard (D:4)
  A giant cockroach zombie (D:6)
  3 quokka skeletons
  6 rats
107 creatures vanquished.

Vanquished Creatures (others)
  A sky beast (D:8)
  A plant (D:6)
  4 toadstools (D:2)
6 creatures vanquished.

Grand Total: 185 creatures vanquished

Notes
Turn   | Place    | Note
-------+----------+-------------------------------------------
     0 | D:1      | doot the Tengu Summoner began the quest for the Orb.
     0 | D:1      | Reached XP level 1. HP: 10/10 MP: 4/4
   193 | D:1      | Reached skill level 5 in Summonings
   496 | D:1      | Reached XP level 2. HP: 14/15 MP: 0/6
   506 | D:1      | Learned a level 2 spell: Call Imp
   829 | D:2      | Found a hide-covered altar of Uskayaw.
  1132 | D:4      | Noticed an ogre
  1161 | D:5      | Entered Level 5 of the Dungeon
  1161 | D:5      | Noticed an ice beast
  1247 | D:4      | Killed an ogre
  1247 | D:4      | Reached XP level 3. HP: 20/20 MP: 1/7
  1247 | D:4      | Reached XP level 4. HP: 24/24 MP: 1/8
  1263 | D:4      | Learned a level 3 spell: Call Canine Familiar
  1409 | D:4      | Reached skill level 1 in Fighting
  1409 | D:4      | Reached skill level 6 in Summonings
  1421 | D:4      | Found an opulent altar of Gozag.
  1425 | D:4      | Found a radiant altar of Vehumet.
  1483 | D:4      | Reached skill level 1 in Axes
  1483 | D:4      | Gained mutation: You can fly continuously. [Tengu growth]
  1483 | D:4      | Reached XP level 5. HP: 15/29 MP: 6/10
  1489 | D:4      | Learned a level 4 spell: Summon Lightning Spire
  1667 | D:4      | Found a runed translucent gate.
  1667 | D:4      | Found a runed translucent gate.
  1667 | D:4      | Found a runed translucent gate.
  1668 | D:4      | Found an opulent altar of Gozag.
  1669 | D:4      | Noticed a sky beast
  1669 | D:4      | Noticed bosm's ghost (novice KoHu)
  1699 | D:4      | Found a staircase to the Ecumenical Temple.
  1729 | Temple   | Entered the Ecumenical Temple
  1736 | Temple   | Became a worshipper of Sif Muna the Loreminder
  1822 | D:4      | Found a sparkling altar of Nemelex Xobeh.
  3748 | D:3      | Found a shadowy altar of Dithmenos.
  3811 | D:3      | Reached XP level 6. HP: 32/34 MP: 11/11
  4259 | D:5      | Killed an ice beast
  4339 | D:5      | Noticed a sky beast
  4450 | D:5      | Killed a sky beast
  4649 | D:5      | Noticed a two-headed ogre
  4814 | D:5      | Reached XP level 7. HP: 32/39 MP: 3/13
  5297 | D:5      | Reached skill level 1 in Air Magic
  5327 | D:5      | Reached skill level 7 in Summonings
  5345 | D:5      | Reached * piety under Sif Muna
  5438 | D:5      | Killed a two-headed ogre
  5438 | D:5      | Reached XP level 8. HP: 44/44 MP: 4/16
  5841 | D:6      | Noticed Sigmund
  5849 | D:6      | Killed Sigmund
  5849 | D:6      | Reached skill level 5 in Spellcasting
  5892 | D:6      | Learned a level 5 spell: Lee's Rapid Deconstruction
  5917 | D:6      | Reached skill level 8 in Summonings
  5968 | D:6      | Found a snail-covered altar of Cheibriados.
  6012 | D:6      | Noticed Edmund
  6026 | D:6      | Killed Edmund
  6298 | D:6      | Reached skill level 5 in Axes
  6922 | D:6      | Reached skill level 1 in Armour
  6922 | D:6      | Reached XP level 9. HP: 49/49 MP: 12/18
  7235 | D:7      | Reached ** piety under Sif Muna
  7274 | D:7      | Reached skill level 9 in Summonings
  7763 | D:7      | HP: 1/49 [something (10)]
  7767 | D:7      | Killed an unseen horror
  8184 | D:8      | Found a runed translucent gate.
  8184 | D:8      | Found a runed translucent gate.
  8184 | D:8      | Found a runed translucent gate.
  8189 | D:8      | Noticed lapinsky's ghost (novice HOHu)
  8242 | D:8      | Noticed Grum
  8251 | D:8      | Killed Grum
  8286 | D:8      | Noticed Maurice
  8679 | D:8      | Noticed a two-headed ogre
  8696 | D:8      | Killed a two-headed ogre
  8696 | D:8      | Reached skill level 10 in Summonings
  8863 | D:8      | Found a hazy altar of Hepliaklqana.
  8866 | D:8      | Found a blossoming altar of Fedhas.
  8869 | D:8      | Found an iron altar of Okawaru.
  9253 | D:8      | Killed Maurice
  9253 | D:8      | Reached XP level 10. HP: 56/56 MP: 13/21
  9321 | D:8      | Splashed by a centaur's acid

Skill      XL: |  1  2  3  4  5  6  7  8  9 |
---------------+----------------------------+-----
Summonings     | 5 6 7 8 10 | 10.4
Fighting       | 1 2 3 |  3.3
Axes           | 1 3 4 5 6 |  6.2
Spellcasting   | 3 4 5 6 |  6.9
Air Magic      | 2 3 4 |  4.1
Dodging        | 3 4 |  4.1
Stealth        | 3 |  3.6
Armour         | 1 2 |  2.9

Action                   |  1- 3 |  4- 6 |  7- 9 | 10-12 || total
-------------------------+-------+-------+-------+-------++-------
Melee: Unarmed           |    18 |       |       |       ||    18
       Kick              |     7 |    18 |    33 |     1 ||    59
       Peck              |     7 |    16 |    18 |     1 ||    42
       War axe           |     3 |   101 |   110 |       ||   214
       Short sword       |     3 |       |       |       ||     3
       Battleaxe         |       |       |       |     5 ||     5
 Cast: Summon Small Mamm |    16 |       |       |       ||    16
       Call Imp          |    12 |    18 |    16 |     4 ||    50
       Call Canine Famil |       |    11 |    39 |     1 ||    51
       Summon Lightning  |       |     6 |    28 |     1 ||    35
  Use: Scroll            |       |       |     6 |       ||     6
       Potion            |       |       |     4 |     1 ||     5
 Stab: Sleeping          |       |     5 |     1 |       ||     6
       Distracted        |       |       |     3 |       ||     3
  Eat: Chunk             |     1 |    14 |    12 |       ||    27
       Ration            |       |     1 |     2 |       ||     3
Armor: Robe              |     6 |    36 |    11 |       ||    53
       Leather armour    |       |       |    43 |     5 ||    48
Dodge: Dodged            |    19 |    78 |    78 |     6 ||   181
